[Event "Titled Tuesday Blitz December 20 Early 2022"]
[White "Alexander_Donchenko"]
[Black "Martinez Ramirez, Lennis"]
[BlackFideId "3509079"]
[WhiteElo "2812"]
[BlackElo "2426"]
[Result "1-0"]
[Round "02"]
[TimeControl "180+2"]
[Date "2022.12.20"]
[WhiteClock "0:01:40"]
[BlackClock "0:00:01"]

1. Nf3 d5 2. d4 Nf6 3. c4 e6 4. g3 dxc4 5. Bg2 a6 6. O-O Nc6 7. Qd2 Rb8 8. Ne5 Nxe5 9. dxe5 Qxd2 10. Nxd2 Nd7 11. Nxc4 b5 12. Na5 Nxe5 13. Be3 Bd7 14. Rac1 Bd6 15. f4 Ng4 16. Ba7 Rd8 17. h3 Nf6 18. e4 e5 19. Nb7 Ra8 20. Bc5 Bxc5+ 21. Nxc5 Be6 22. fxe5 Nd7 23. Nxe6 fxe6 24. Rxc7 Nxe5 25. Rxg7 Rc8 26. h4 h5 27. Bh3 Rc6 28. Rf6 Rf8 29. Rxe6+ Rxe6 30. Bxe6 Rf3 31. Kg2 Re3 32. Rg5 Re2+ 33. Kf1 Rxe4 34. Bd5 Re3 35. Kf2 Ng4+ 36. Rxg4 Re5 37. Re4 1-0


[Site "https://www.chess.com"]

[Event "Titled Tuesday Blitz December 20 Early 2022"]
[White "Alexei_Gubajdullin"]
[Black "Liaqat, Ali ISB"]
[BlackFideId "7807058"]
[WhiteElo "2625"]
[BlackElo "1927"]
[Result "0-1"]
[Round "02"]
[TimeControl "180+2"]
[Date "2022.12.20"]
[WhiteClock "0:00:01"]
[BlackClock "0:00:07"]

1. d4 d5 2. Nf3 e6 3. Bf4 c5 4. e3 Nc6 5. Nbd2 Bd6 6. Bg3 Bxg3 7. hxg3 Qb6 8. dxc5 Qxb2 9. c4 Nf6 10. cxd5 exd5 11. Bd3 O-O 12. Rb1 Qa3 13. Qc2 h6 14. Rh4 Bg4 15. Nh2 Ne5 16. Bf1 Rac8 17. Nxg4 Nexg4 18. Nb3 a5 19. Be2 Ne5 20. Qb2 Qxb2 21. Rxb2 Nfd7 22. Nxa5 Nxc5 23. Rd4 Ra8 24. Nb3 Nxb3 25. axb3 Rfd8 26. Kd2 Nc6 27. Ra4 d4 28. Rxa8 dxe3+ 29. Kxe3 Rxa8 30. Bf3 Re8+ 31. Kd2 Rd8+ 32. Kc3 Rd6 33. b4 b6 34. Ra2 Ne5 35. Be4 g6 36. Ra7 h5 37. Rc7 Kg7 38. f3 Kf6 39. b5 Ke6 40. Bb7 Kf6 41. Be4 Rd1 42. Rb7 Rd6 43. Bc2 Nd7 44. Bb3 Ke7 45. Bc4 g5 46. f4 gxf4 47. gxf4 h4 48. Bb3 f6 49. Bc4 Kd8 50. Ra7 Nc5 51. Be2 Ne4+ 52. Kb3 Rd2 53. Bf3 Nc5+ 54. Kc3 Rf2 55. Bc6 Rxf4 56. Ra6 Kc7 57. Ra7+ Kd6 58. Rh7 Rg4 59. Kd2 Nb3+ 60. Ke3 Rg3+ 61. Kf4 Nd4 62. Rxh4 Rg8 63. Rh6 Rf8 64. Be4 Nxb5 65. Bf5 Kc5 66. g4 Nd6 67. Be6 b5 68. Rh7 b4 69. Rc7+ Kb6 70. Rd7 Kc6 71. Re7 Nb5 0-1


[Site "https://www.chess.com"]

[Event "Titled Tuesday Blitz December 20 Early 2022"]
[White "AnaKuchava"]
[Black "Mohammed, Dilshad"]
[BlackFideId "5050421"]
[WhiteElo "2212"]
[BlackElo "2103"]
[Result "0-1"]
[Round "02"]
[TimeControl "180+2"]
[Date "2022.12.20"]
[WhiteClock "0:00:08"]
[BlackClock "0:01:48"]

1. d4 d5 2. Nf3 Nf6 3. c4 e6 4. Nc3 Be7 5. Bf4 O-O 6. e3 b6 7. Bd3 Bb7 8. O-O Nbd7 9. Rc1 c5 10. cxd5 Nxd5 11. Bg3 cxd4 12. Nxd4 a6 13. e4 Nxc3 14. Rxc3 Nc5 15. e5 g6 16. Be2 Ne4 17. Rd3 Qc7 18. f4 Nxg3 19. hxg3 Rfd8 20. Kh2 Rac8 21. Bf3 Bd5 22. Bxd5 Rxd5 23. Ne2 Rcd8 24. Rxd5 Rxd5 25. Qb3 Rd2 26. Nc3 Qc6 27. Rg1 Bc5 0-1


[Site "https://www.chess.com"]

[Event "Titled Tuesday Blitz December 20 Early 2022"]
[White "Andrei_Skvortsov"]
[Black "Toh, Terry"]
[BlackFideId "5800323"]
[WhiteElo "2717"]
[BlackElo "2394"]
[Result "1/2-1/2"]
[Round "02"]
[TimeControl "180+2"]
[Date "2022.12.20"]
[WhiteClock "0:00:12"]
[BlackClock "0:01:35"]

1. d4 Nf6 2. c4 g6 3. Nc3 d5 4. cxd5 Nxd5 5. Na4 Bg7 6. Nf3 Nf6 7. e3 O-O 8. Bd3 Bd7 9. Nc5 Bc6 10. O-O b6 11. Nb3 Bb7 12. a4 a5 13. Nbd2 Na6 14. b3 c5 15. Bb2 Nb4 16. Bc4 Rc8 17. dxc5 bxc5 18. Qe2 Qb6 19. Rfd1 e6 20. Nf1 Rfd8 21. Rxd8+ Rxd8 22. Rd1 Rd6 23. Be5 Rxd1 24. Qxd1 h6 25. Ng3 Bd5 26. Bxf6 Bxf6 27. e4 Bxc4 28. bxc4 Nc6 29. h4 Nd4 30. Nxd4 cxd4 31. h5 Qc5 32. hxg6 fxg6 33. Qc2 e5 34. Ne2 Bg5 35. g3 Qb4 36. f4 Qe1+ 37. Kg2 exf4 38. gxf4 Bh4 39. Nxd4 Qe3 40. Nf3 Qxf4 41. Nxh4 Qg4+ 42. Kf1 Qxh4 43. Qg2 Qf4+ 44. Ke2 Kg7 45. Kd3 Qd6+ 46. Kc2 Qb4 47. Qg4 Qxc4+ 48. Kd2 Qxa4 49. Qe6 Qb4+ 50. Kc2 a4 51. Qe5+ Kf7 52. Qd5+ Kf6 53. e5+ Kf5 54. e6+ Kf6 55. Qd8+ Kxe6 56. Qe8+ Kd5 57. Qf7+ Kc5 58. Qe7+ Kb5 59. Qb7+ Kc4 60. Qe4+ Kb5 61. Qb7+ Ka5 62. Qa7+ Kb5 63. Qb7+ 1/2-1/2


[Site "https://www.chess.com"]

[Event "Titled Tuesday Blitz December 20 Early 2022"]
[White "Aradhya, Garg"]
[Black "JaloliddinIlkhomi"]
[WhiteFideId "25006746"]
[WhiteElo "2284"]
[BlackElo "2533"]
[Result "1/2-1/2"]
[Round "02"]
[TimeControl "180+2"]
[Date "2022.12.20"]
[WhiteClock "0:00:15"]
[BlackClock "0:00:15"]

1. d4 Nf6 2. c4 e6 3. Bf4 Bb4+ 4. Nd2 b6 5. Nf3 Bb7 6. e3 Ne4 7. h4 a5 8. a3 Bd6 9. Nxe4 Bxf4 10. exf4 Bxe4 11. Bd3 Bxd3 12. Qxd3 d5 13. O-O-O Qd6 14. g3 dxc4 15. Qxc4 Qc6 16. Qxc6+ Nxc6 17. d5 Nd8 18. dxe6 Nxe6 19. f5 Nc5 20. Rhe1+ Kf8 21. b4 axb4 22. axb4 Na6 23. Rd7 Re8 24. Ne5 f6 25. Nd3 Nxb4 26. Rd1 Nxd3+ 27. R1xd3 Re7 28. Rd8+ Re8 29. h5 g6 30. h6 gxf5 31. R3d7 Rg8 32. Rxe8+ Kxe8 33. Rxc7 Rg6 34. Rxh7 Kf8 35. Rh8+ Kf7 36. Kd2 b5 37. Ke3 Rg8 38. Rh7+ Kg6 39. Rb7 Kxh6 40. Rxb5 Kg5 41. Kf3 Ra8 42. Kg2 Ra3 43. Rb4 Ra5 44. Rd4 Kg6 45. Rc4 Re5 46. Kf3 Ra5 47. Kf4 Ra2 48. f3 Ra3 49. Rd4 Rb3 50. Rc4 Ra3 51. Rd4 Rb3 52. Ra4 Rc3 53. Rb4 Ra3 54. Rc4 Rb3 55. Ra4 Rc3 56. Rb4 Ra3 57. g4 fxg4 58. Kxg4 Rc3 59. f4 Rc1 60. f5+ Kh6 61. Rb6 Rg1+ 62. Kf4 Rf1+ 63. Kg4 Rg1+ 64. Kf4 Rf1+ 65. Kg4 Rg1+ 1/2-1/2


[Site "https://www.chess.com"]

[Event "Titled Tuesday Blitz December 20 Early 2022"]
[White "Arancibia Guzman, Eduardo"]
[Black "Artem_0degov"]
[WhiteFideId "3400670"]
[WhiteElo "2333"]
[BlackElo "2661"]
[Result "0-1"]
[Round "02"]
[TimeControl "180+2"]
[Date "2022.12.20"]
[WhiteClock "0:01:00"]
[BlackClock "0:00:08"]

1. Nf3 d5 2. g3 c6 3. Bg2 Bf5 4. O-O Nf6 5. d3 e6 6. Nbd2 h6 7. e4 dxe4 8. dxe4 Nxe4 9. Qe2 Nxd2 10. Bxd2 Be7 11. Bc3 O-O 12. Rad1 Qb6 13. Nd4 Bh7 14. Nxe6 fxe6 15. Qxe6+ Rf7 16. Qc8+ Bf8 17. Bh3 c5 18. Be6 Qc6 19. Rd8 Qxc8 20. Rxc8 Bf5 21. Bxf7+ Kxf7 22. Rc7+ Kg6 23. Rxb7 Nc6 24. f3 Re8 25. Re1 Rxe1+ 26. Bxe1 Bd6 27. c3 Bc8 28. Rb3 Ba6 29. Ra3 Bb5 30. b3 c4 31. b4 a5 32. Kf2 Kf5 33. g4+ Ke5 34. Ke3 Kd5 35. h4 g5 36. hxg5 hxg5 37. Bd2 Bf4+ 38. Ke2 Bxd2 39. Kxd2 a4 40. Ke3 Ke5 41. Kf2 Kf4 42. Ke2 Ne5 43. Kf2 Nxf3 44. Kg2 Kxg4 45. Kf2 Kf4 46. Kg2 g4 47. Kf2 g3+ 48. Kg2 Nh4+ 49. Kg1 Kf3 50. Rb3 cxb3 51. axb3 a3 52. c4 a2 0-1


[Site "https://www.chess.com"]

[Event "Titled Tuesday Blitz December 20 Early 2022"]
[White "Aranos Garcia, Ricardo"]
[Black "Triumphmate"]
[WhiteFideId "32028040"]
[WhiteElo "1971"]
[BlackElo "2503"]
[Result "1-0"]
[Round "02"]
[TimeControl "180+2"]
[Date "2022.12.20"]
[WhiteClock "0:00:15"]
[BlackClock "0:00:04"]

1. e4 d5 2. Nc3 Nf6 3. e5 Nfd7 4. d4 e6 5. f4 c5 6. Nf3 Nc6 7. Be3 f6 8. exf6 Nxf6 9. Bb5 c4 10. Ne5 Bd7 11. Nxd7 Qxd7 12. O-O Be7 13. Kh1 O-O 14. Qe2 Bb4 15. Nd1 Rae8 16. c3 Bd6 17. Qf2 Ne4 18. Qf3 Re7 19. Qh3 Ref7 20. g3 a6 21. Ba4 b5 22. Bc2 b4 23. Bxe4 dxe4 24. Nf2 bxc3 25. bxc3 Qb7 26. Rab1 Qa8 27. Qg2 Ne7 28. Qxe4 Nd5 29. Bd2 Kh8 30. Kg1 Rf6 31. Rfe1 Rg6 32. Nh3 h6 33. Qxg6 Rf6 34. Qe4 Qf8 35. Rb7 a5 36. Reb1 a4 37. Nf2 a3 38. Ng4 Rf7 39. Rxf7 Qxf7 40. Ne5 Bxe5 41. fxe5 Qe8 42. Rf1 Kg8 43. Qf3 Qg6 44. Bc1 Qc2 45. Bxa3 Nxc3 46. Qf7+ Kh7 47. Bf8 Ne2+ 48. Kh1 Qe4+ 49. Qf3 Qc2 50. Rf2 Qd1+ 51. Kg2 Nxd4 52. Qf7 Qg4 53. Bxg7 Qxg7 54. Qxg7+ Kxg7 55. Rf4 Nc2 56. Re4 c3 57. a4 Na3 58. a5 c2 59. Re1 Nc4 60. Rc1 Nxa5 61. Rxc2 Nb3 62. Re2 Nd4 63. Re4 Nc6 64. h4 Kg6 65. g4 h5 66. gxh5+ Kxh5 67. Kh3 Ne7 68. Rf4 Ng6 69. Rg4 Ne7 70. Rg5+ Kh6 71. Kg4 Nd5 72. h5 Ne3+ 73. Kh4 Nc4 74. Rg6+ Kh7 75. Rxe6 Ne3 76. Kg5 Nd5 77. Rd6 Nc3 78. Rd7+ Kh8 79. Kg6 1-0


[Site "https://www.chess.com"]

[Event "Titled Tuesday Blitz December 20 Early 2022"]
[White "Arig, Busra"]
[Black "Mykola-Bortnyk"]
[WhiteFideId "6309356"]
[WhiteElo "1850"]
[BlackElo "2919"]
[Result "1/2-1/2"]
[Round "02"]
[TimeControl "180+2"]
[Date "2022.12.20"]
[WhiteClock "0:00:22"]
[BlackClock "0:00:20"]

1. e4 Nf6 2. e5 Nd5 3. d4 d6 4. exd6 exd6 5. c4 Nb6 6. Nf3 Be7 7. Nc3 O-O 8. Be2 Bf5 9. O-O Bf6 10. Be3 Nc6 11. b3 Re8 12. Qd2 d5 13. c5 Nc8 14. Rfe1 h6 15. a3 N8e7 16. b4 a6 17. Rad1 Be4 18. Qa2 Nf5 19. Nxe4 dxe4 20. Ne5 Bxe5 21. dxe5 Qe7 22. Bf4 Nxe5 23. Bxe5 Qxe5 24. Rd7 Re7 25. Rxe7 Nxe7 26. Bc4 Rf8 27. Qc2 Rd8 28. Qxe4 Qxe4 29. Rxe4 Rd1+ 30. Bf1 Kf8 31. g3 Ra1 32. Re3 Nd5 33. Rd3 c6 34. Kg2 Ke7 35. Be2 Nc7 36. Bg4 Ne6 37. Bxe6 Kxe6 38. Rd6+ Ke7 39. Rd3 Rc1 40. Re3+ Kf6 41. Rf3+ Ke6 42. Re3+ Kd7 43. Rf3 f6 44. Rd3+ Ke7 45. Re3+ Kd8 46. Rd3+ Kc8 47. Re3 a5 48. Re7 axb4 49. axb4 g5 50. Re8+ Kd7 51. Rh8 Rc4 52. Rh7+ Kc8 53. Rh8+ Kd7 54. Rh7+ Kc8 55. Rxh6 f5 56. Rf6 f4 57. gxf4 gxf4 58. Kf3 Rxb4 59. Rxf4 Rb3+ 60. Kg4 Kd7 61. h4 Ke6 62. h5 Rb1 63. Kg5 Rg1+ 64. Rg4 Rf1 65. Rb4 Rxf2 66. Rxb7 Rg2+ 67. Kh6 Rc2 68. Kh7 Rxc5 69. h6 Rg5 70. Rg7 Rh5 71. Rg6+ Kf7 72. Rxc6 Rg5 73. Rc7+ Kf8 74. Kh8 Rg1 75. h7 Rg2 76. Rc8+ Kf7 77. Rg8 Rf2 78. Rg3 Rf1 79. Ra3 Rg1 80. Ra7+ Kf8 1/2-1/2


[Site "https://www.chess.com"]

[Event "Titled Tuesday Blitz December 20 Early 2022"]
[White "AsaHoffmann"]
[Black "Balasch Peries, Eduard"]
[BlackFideId "32067372"]
[WhiteElo "2376"]
[BlackElo "1671"]
[Result "0-1"]
[Round "02"]
[TimeControl "180+2"]
[Date "2022.12.20"]
[WhiteClock "0:00:15"]
[BlackClock "0:00:43"]

1. d4 d5 2. Bg5 Nf6 3. Nd2 Ne4 4. Nxe4 dxe4 5. e3 c6 6. c3 Bf5 7. Bc4 Qb6 8. Ne2 Nd7 9. O-O h6 10. Bh4 g5 11. Bg3 e6 12. b4 h5 13. h4 gxh4 14. Bxh4 Be7 15. Bxe7 Kxe7 16. Nf4 Rag8 17. f3 Nf6 18. fxe4 Nxe4 19. Bd3 h4 20. Bxe4 Bxe4 21. Kf2 Qb5 22. Rg1 Rg3 23. Qe2 Qg5 24. Nh3 Qf5+ 25. Nf4 Rg4 26. Raf1 Rhg8 27. Ke1 Qg5 28. Qf2 Qb5 29. Nh3 f5 30. Nf4 Qc4 31. Qd2 Rg3 32. Rf2 h3 33. Kd1 hxg2 34. Rgxg2 Bxg2 35. Rxg2 Qf1+ 36. Kc2 Rxg2 0-1


[Site "https://www.chess.com"]

[Event "Titled Tuesday Blitz December 20 Early 2022"]
[White "Aslanov_Umid"]
[Black "Hanfin, Zahra Chumaira Amelia"]
[BlackFideId "7111983"]
[WhiteElo "2425"]
[BlackElo "2062"]
[Result "0-1"]
[Round "02"]
[TimeControl "180+2"]
[Date "2022.12.20"]
[WhiteClock "0:01:55"]
[BlackClock "0:02:26"]

1. e4 c5 2. Nf3 d6 3. d4 cxd4 4. Nxd4 Nf6 5. Nc3 Nc6 6. Bc4 Qb6 7. Nxc6 bxc6 8. Bb3 Ba6 9. Be3 Qc7 10. Qd2 e6 11. h3 Be7 12. g4 Nd7 13. O-O-O Ne5 14. f4 Nc4 15. Bxc4 Bxc4 16. Qd4 d5 17. Qxg7 Rf8 18. f5 Rb8 19. fxe6 fxe6 20. b3 Ba3+ 0-1


[Site "https://www.chess.com"]

[Event "Titled Tuesday Blitz December 20 Early 2022"]
[White "Aygehovit1992"]
[Black "Nau, Guenter"]
[BlackFideId "4661419"]
[WhiteElo "2682"]
[BlackElo "2205"]
[Result "1-0"]
[Round "02"]
[TimeControl "180+2"]
[Date "2022.12.20"]
[WhiteClock "0:01:10"]
[BlackClock "0:00:04"]

1. e4 c5 2. Nf3 Nc6 3. Bb5 Na5 4. O-O a6 5. Be2 d6 6. c4 Nf6 7. Nc3 g6 8. d4 cxd4 9. Nxd4 Bg7 10. Bg5 O-O 11. Qd2 Bd7 12. Rfe1 Rc8 13. b3 Nc6 14. Nc2 Be6 15. Rad1 Qa5 16. Bf1 Rfe8 17. Nd5 Qxd2 18. Rxd2 Nd7 19. Rdd1 Rb8 20. Nc7 Rec8 21. Nxe6 fxe6 22. g3 b5 23. Ne3 Nce5 24. Kg2 bxc4 25. Nxc4 Kf7 26. Nxe5+ Nxe5 27. Bxa6 Rc2 28. Re2 Rbc8 29. Rxc2 Rxc2 30. Rd2 Rxd2 31. Bxd2 Nc6 32. a4 Bd4 33. b4 d5 34. exd5 exd5 35. Bb7 1-0


[Site "https://www.chess.com"]

[Event "Titled Tuesday Blitz December 20 Early 2022"]
[White "Badlyplayed"]
[Black "Just_Lucky_1"]
[WhiteElo "2262"]
[BlackElo "2484"]
[Result "0-1"]
[Round "02"]
[TimeControl "180+2"]
[Date "2022.12.20"]
[WhiteClock "0:00:01"]
[BlackClock "0:01:33"]

1. e4 c5 2. d4 cxd4 3. c3 dxc3 4. Nxc3 d6 5. Nf3 Nc6 6. Bc4 e6 7. O-O Nf6 8. Qe2 Be7 9. Rd1 e5 10. h3 O-O 11. Be3 h6 12. b4 Qe8 13. a3 Be6 14. Bxe6 fxe6 15. g4 Qg6 16. Kh2 Nxe4 17. Qd3 Rxf3 18. Nxe4 d5 19. Nc5 e4 20. Qb5 Bd6+ 21. Kg2 Ne5 22. Qxb7 Raf8 23. Qa6 Nxg4 24. hxg4 Qxg4+ 25. Kf1 Rxe3 0-1


[Site "https://www.chess.com"]

[Event "Titled Tuesday Blitz December 20 Early 2022"]
[White "Baki, Peter"]
[Black "Sadykov_Ramil"]
[WhiteFideId "718459"]
[WhiteElo "2100"]
[BlackElo "2546"]
[Result "1/2-1/2"]
[Round "02"]
[TimeControl "180+2"]
[Date "2022.12.20"]
[WhiteClock "0:00:07"]
[BlackClock "0:00:03"]

1. e4 c5 2. Nf3 e6 3. b3 Nc6 4. Bb2 d6 5. d4 cxd4 6. Nxd4 Nf6 7. Bd3 Be7 8. O-O O-O 9. c4 d5 10. cxd5 exd5 11. Nxc6 bxc6 12. e5 Ne4 13. Nd2 Nc5 14. Be2 d4 15. Rc1 d3 16. Bf3 Bb7 17. Re1 a5 18. Re3 a4 19. b4 a3 20. Ba1 Na4 21. Qb3 Nb2 22. Bxb2 axb2 23. Rb1 Qd4 24. Rxd3 Qxe5 25. Nc4 Qb5 26. Rxb2 Ba6 27. Rc2 Qxb4 28. Qxb4 Bxb4 29. Bxc6 Rac8 30. Bd5 Rfd8 31. g3 h5 32. Rd4 Rxd5 33. Rxd5 Rxc4 34. Rxc4 Bxc4 35. Rd4 Bxa2 36. Rxb4 Be6 37. f4 g6 38. Kf2 Kg7 39. Ke3 Kf6 40. Rb5 Bg4 41. Ra5 Bh3 42. Ke4 Be6 43. Ra6 Kg7 44. Ke5 Bg4 45. Ra7 Bh3 46. Kd6 Kf6 47. Ra5 Bf5 48. Kc7 Bg4 49. Kd8 Be6 50. Ke8 Bc4 51. Kf8 Be6 52. Ra6 Kf5 53. Kg7 Kg4 54. Rb6 h4 55. gxh4 Kxh4 56. Rxe6 fxe6 57. Kxg6 Kg4 58. h4 Kxh4 59. Kf6 Kg4 60. Ke5 Kf3 61. f5 exf5 62. Kxf5 1/2-1/2


[Site "https://www.chess.com"]

[Event "Titled Tuesday Blitz December 20 Early 2022"]
[White "Begmuratov, Khumoyun"]
[Black "Sapon, Ilia"]
[WhiteFideId "14210207"]
[BlackFideId "13504746"]
[WhiteElo "2387"]
[BlackElo "2074"]
[Result "1-0"]
[Round "02"]
[TimeControl "180+2"]
[Date "2022.12.20"]
[WhiteClock "0:00:09"]
[BlackClock "0:00:21"]

1. e4 c5 2. Nc3 Nc6 3. Bb5 e6 4. Bxc6 bxc6 5. d3 d5 6. Nf3 Nf6 7. O-O Be7 8. Bf4 Ba6 9. Re1 O-O 10. Qd2 Re8 11. h3 c4 12. dxc4 Bxc4 13. Ne5 Qb6 14. b3 Ba6 15. Be3 c5 16. exd5 Rad8 17. Nc6 exd5 18. Nxd8 Rxd8 19. Bg5 Qd6 20. Rad1 Bb7 21. Qf4 Qd7 22. Qe3 Bf8 23. Bxf6 gxf6 24. Qg3+ Kh8 25. Ne2 d4 26. Nf4 Bd6 27. Qh4 Qf5 28. Nh5 Be5 29. Qg4 Qg6 30. f4 Bd6 31. Qxg6 hxg6 32. Nxf6 Bxf4 33. Re7 Be3+ 34. Rxe3 1-0


[Site "https://www.chess.com"]

[Event "Titled Tuesday Blitz December 20 Early 2022"]
[White "Benamar, Benious"]
[Black "Agh, Miklos"]
[WhiteFideId "45118841"]
[BlackFideId "703176"]
[WhiteElo "1136"]
[BlackElo "2152"]
[Result "0-1"]
[Round "02"]
[TimeControl "180+2"]
[Date "2022.12.20"]
[WhiteClock "0:00:01"]
[BlackClock "0:00:33"]

1. d4 Nf6 2. Nf3 g6 3. Bf4 Bg7 4. e3 O-O 5. h3 d6 6. Be2 b6 7. O-O Bb7 8. c3 Nbd7 9. a4 a5 10. Na3 Re8 11. Bh2 e5 12. Qb3 Ne4 13. Rfd1 Qe7 14. Nb5 Rac8 15. Bc4 c6 16. Na3 d5 17. Bf1 c5 18. Nb5 c4 19. Qc2 Bc6 20. dxe5 Bxb5 21. axb5 Nxe5 22. Nxe5 Bxe5 23. Rxd5 Bxh2+ 24. Kxh2 Nf6 25. Rd4 Qe5+ 26. Kg1 Qxb5 27. Rad1 Qc5 28. Qa4 b5 29. Qxa5 Ra8 30. Qb4 Qxb4 31. cxb4 Ra2 32. Rb1 Ra4 33. g4 h6 34. Bg2 Rxb4 35. Rd2 Ne4 36. Rc2 Nc5 37. Bf1 Na4 38. Kg2 Rd8 39. h4 Rb3 40. Kg3 c3 41. g5 hxg5 42. hxg5 cxb2 43. Bg2 Rdd3 44. Be4 Rdc3 45. Kf4 Rxc2 46. Bxc2 Nc3 47. Rf1 b1=Q 48. Bxb1 Rxb1 49. Rxb1 Nxb1 0-1


[Site "https://www.chess.com"]

[Event "Titled Tuesday Blitz December 20 Early 2022"]
[White "Bensenousi, Isk"]
[Black "Alibaev, Akbar"]
[WhiteFideId "4206010"]
[BlackFideId "14200325"]
[WhiteElo "2041"]
[BlackElo "2295"]
[Result "0-1"]
[Round "02"]
[TimeControl "180+2"]
[Date "2022.12.20"]
[WhiteClock "0:00:03"]
[BlackClock "0:00:56"]

1. e4 c5 2. Nf3 d6 3. Bb5+ Nd7 4. c4 Nf6 5. Nc3 g6 6. O-O Bg7 7. Re1 O-O 8. d3 Nb8 9. Ba4 a6 10. h3 b6 11. Bg5 Bb7 12. Nd5 e6 13. Nc3 h6 14. Be3 Kh7 15. Bc2 Nc6 16. a3 d5 17. cxd5 exd5 18. e5 d4 19. exf6 Bxf6 20. Bxh6 dxc3 21. Bxf8 cxb2 22. Rb1 Qxf8 23. Nd2 b5 24. Ne4 Bd4 25. Qf3 Kg7 26. Bb3 Re8 27. Bd5 Re5 28. Qxf7+ Qxf7 29. Bxf7 Rxe4 30. Rxe4 Kxf7 31. Rxd4 Nxd4 32. Rxb2 Bd5 33. Rd2 b4 34. axb4 cxb4 35. f4 b3 36. Kf2 Nc2 37. Rd1 a5 38. g4 a4 39. Ke2 a3 40. Kd2 a2 41. Kc3 a1=Q+ 42. Rxa1 Nxa1 43. h4 Nc2 44. h5 gxh5 45. gxh5 Nd4 46. h6 Nf5 0-1


[Site "https://www.chess.com"]

[Event "Titled Tuesday Blitz December 20 Early 2022"]
[White "Betta, Yanis"]
[Black "MatthewG-p4p"]
[WhiteFideId "36032972"]
[WhiteElo "2452"]
[BlackElo "2825"]
[Result "0-1"]
[Round "02"]
[TimeControl "180+2"]
[Date "2022.12.20"]
[WhiteClock "0:01:44"]
[BlackClock "0:00:30"]

1. d4 Nf6 2. Nc3 c5 3. d5 d6 4. e4 g6 5. Nf3 Bg7 6. Nd2 O-O 7. Nc4 b5 8. Nxb5 Nxe4 9. Bd3 a6 10. Bxe4 axb5 11. Ne3 Nd7 12. O-O Nf6 13. Bf3 Bb7 14. Re1 Re8 15. c3 Qb6 16. a4 Nd7 17. Be2 b4 18. Nc4 Qc7 19. cxb4 cxb4 20. Be3 Nc5 21. a5 Rab8 22. Nb6 Bxb2 23. Rb1 Bc3 24. Bd2 Ne4 25. Bxc3 Nxc3 26. Qc2 Qc5 27. Bf3 Qxa5 28. Nc4 Qc5 29. Ne3 Nxb1 30. Qxb1 Ba6 31. Qb2 Qc3 32. Qb1 Bd3 33. Qd1 b3 34. Ng4 h5 35. Nh6+ Kg7 36. Re3 b2 37. Rxd3 Qxd3 38. Qxd3 b1=Q+ 0-1


[Site "https://www.chess.com"]

[Event "Titled Tuesday Blitz December 20 Early 2022"]
[White "Blackwood, Ryan"]
[Black "Al-Kailani, Zaid"]
[WhiteFideId "7400640"]
[BlackFideId "8100187"]
[WhiteElo "1941"]
[BlackElo "2053"]
[Result "0-1"]
[Round "02"]
[TimeControl "180+2"]
[Date "2022.12.20"]
[WhiteClock "0:00:05"]
[BlackClock "0:00:46"]

1. e4 e6 2. d4 d5 3. exd5 exd5 4. Nf3 Nc6 5. Bd3 Bd6 6. O-O Bg4 7. Re1+ Nge7 8. h3 Bh5 9. c3 Qd7 10. Bg5 f6 11. Be3 O-O-O 12. Nbd2 g5 13. Qa4 Kb8 14. b4 Nxd4 15. Qa3 Nxf3+ 16. Nxf3 Nc8 17. Nd4 Bg6 18. Bb5 c6 19. Ba4 Nb6 20. Bd1 Nc4 21. Qa4 Nxe3 22. Rxe3 Rhe8 23. Bg4 f5 24. Rxe8 Rxe8 25. Be2 g4 26. h4 g3 27. f3 Qe7 28. Kf1 Qe3 29. Nxc6+ bxc6 30. Ke1 Qxe2# 0-1


[Site "https://www.chess.com"]

[Event "Titled Tuesday Blitz December 20 Early 2022"]
[White "BlueWizzard"]
[Black "biostatistician"]
[WhiteElo "2862"]
[BlackElo "2574"]
[Result "1-0"]
[Round "02"]
[TimeControl "180+2"]
[Date "2022.12.20"]
[WhiteClock "0:00:11"]
[BlackClock "0:00:02"]

1. d4 Nf6 2. Nc3 d5 3. Bg5 Bf5 4. Nf3 Nbd7 5. Nh4 Bg6 6. e3 e6 7. Be2 Be7 8. Nxg6 hxg6 9. h3 Nh5 10. h4 f6 11. g4 fxg5 12. gxh5 gxh4 13. Qd3 Rh6 14. O-O-O Nb6 15. Rhg1 Qd6 16. Rxg6 O-O-O 17. Nb5 Qh2 18. Rxg7 Bd6 19. Qc3 a6 20. Nxd6+ Qxd6 21. Rh1 Rf8 22. f4 Kb8 23. Rxh4 Rc8 24. Qc5 Qd8 25. Rh2 Qh8 26. Rg5 Nd7 27. Qe7 Nf6 28. Qg7 Ne4 29. Rg1 Qxg7 30. Rxg7 Rch8 31. Bf3 Nf6 32. Re7 Nxh5 33. Bxh5 Rxh5 34. Rxh5 Rxh5 35. Rxe6 Rh2 36. b3 Kc8 37. Kb2 Kd7 38. Re5 Kd6 39. a4 b6 40. Kc3 c5 41. Rg5 Rh3 42. Rg6+ Kc7 43. Kd3 c4+ 44. bxc4 dxc4+ 45. Kd2 Rh2+ 46. Kc3 Re2 47. Re6 b5 48. axb5 axb5 49. f5 Kd7 50. Re5 Kd6 51. Rxb5 Rxe3+ 52. Kxc4 Rf3 53. c3 Kc6 54. Re5 Kd6 55. Ra5 Kc6 56. Rb5 Rf4 57. Re5 Kd6 58. Re6+ Kd7 59. Ra6 Kc7 60. Kc5 Rxf5+ 61. d5 Rf1 62. c4 Rc1 63. Ra7+ Kb8 64. Rf7 Kc8 65. d6 Kd8 66. Rf4 Kd7 67. Rf7+ Kd8 68. Kd5 Ke8 69. Ra7 Kd8 70. c5 Kc8 71. Kc6 Kb8 72. Rf7 1-0


[Site "https://www.chess.com"]

[Event "Titled Tuesday Blitz December 20 Early 2022"]
[White "Borges Matos, Juan"]
[Black "Ural_bogatyr"]
[WhiteFideId "3500160"]
[WhiteElo "2409"]
[BlackElo "2615"]
[Result "0-1"]
[Round "02"]
[TimeControl "180+2"]
[Date "2022.12.20"]
[WhiteClock "0:00:31"]
[BlackClock "0:02:12"]

1. d4 Nf6 2. c4 e5 3. dxe5 Ng4 4. Nf3 Bc5 5. e3 Nc6 6. Be2 O-O 7. O-O Re8 8. Nc3 Ngxe5 9. Nxe5 Nxe5 10. b3 a5 11. Bb2 Ra6 12. Nd5 Rh6 13. f4 Ng6 14. Qd3 c6 15. Qc3 f6 16. Bf3 cxd5 17. Bxd5+ Kh8 18. Rae1 d6 19. Kh1 Bb4 20. Qd4 Bxe1 21. Rxe1 Ne7 0-1


[Site "https://www.chess.com"]

[Event "Titled Tuesday Blitz December 20 Early 2022"]
[White "Butterfly"]
[Black "Mileo, Miguelito"]
[BlackFideId "851108"]
[WhiteElo "2536"]
[BlackElo "1721"]
[Result "0-1"]
[Round "02"]
[TimeControl "180+2"]
[Date "2022.12.20"]
[WhiteClock "0:00:07"]
[BlackClock "0:00:46"]

1. b3 e5 2. Bb2 Nc6 3. c4 Nge7 4. Nc3 d5 5. cxd5 Nxd5 6. Nf3 Nxc3 7. dxc3 Bd6 8. e4 Qf6 9. h3 Bd7 10. Qc2 h5 11. O-O-O g5 12. Kb1 O-O-O 13. Bc4 g4 14. hxg4 hxg4 15. Nd2 Rxh1 16. Rxh1 Qxf2 17. Rf1 Qxg2 18. Rxf7 g3 19. Qd1 Rh8 20. Kc2 Qh3 21. Rg7 Bf8 22. Bf1 Qh2 23. Rg6 Bh6 24. Bc1 Rd8 25. Qe2 Bf4 26. Nf3 Qh7 27. Rf6 Bxc1 28. Kxc1 Qg7 29. Rxc6 Bxc6 30. Bg2 Qh6+ 31. Kc2 Qf4 32. Nd2 Qf2 33. Qxf2 gxf2 34. Kd1 Bxe4 35. Bf1 Bd3 36. Bxd3 Rxd3 37. Ke2 Rxd2+ 0-1


[Site "https://www.chess.com"]

[Event "Titled Tuesday Blitz December 20 Early 2022"]
[White "Cag, Ceyda"]
[Black "vladoboch"]
[WhiteFideId "34571477"]
[WhiteElo "2157"]
[BlackElo "2445"]
[Result "0-1"]
[Round "02"]
[TimeControl "180+2"]
[Date "2022.12.20"]
[WhiteClock "0:00:48"]
[BlackClock "0:00:49"]

1. e4 c5 2. Nf3 Nc6 3. d4 cxd4 4. Nxd4 e5 5. Nb5 d6 6. N1c3 a6 7. Na3 Be7 8. Nd5 Nf6 9. Nxf6+ Bxf6 10. c3 O-O 11. Nc2 Be6 12. Ne3 Bg5 13. Nd5 Bxc1 14. Rxc1 Ne7 15. c4 Bxd5 16. cxd5 f5 17. exf5 Nxf5 18. Bd3 e4 19. Bxe4 Qe7 20. Qd3 Rae8 21. f3 Qh4+ 22. Ke2 Qg5 23. Kf2 Nh4 24. g3 Rxe4 25. Qxe4 Nxf3 26. Qxf3 Qd2+ 0-1


[Site "https://www.chess.com"]